 Dungeon Crawl Stone Soup version 0.31-a0-261-g072fdb8a1f (webtiles) character file.

Game seed: 10475462994246497342

255 qw the Shooter (level 6, -12/37 HPs)
             Began as a Gargoyle Hexslinger on July 13, 2023.
             Mangled by an ogre
             ... wielding a +0 giant spiked club
              (20 damage)
             ... on level 4 of the Dungeon.
             The game lasted 00:01:21 (3009 turns).

qw the Shooter (Gargoyle Hexslinger)                Turns: 3009, Time: 00:01:22

Health: -12/37     AC: 14    Str: 12    XL:     6   Next: 15%
Magic:  7/7        EV: 10    Int: 13    God:
Gold:   134        SH:  0    Dex: 14    Spells: 6/7 levels left

rFire   . . .        Y - +1 sling
rCold   + . .        (no shield)
rNeg    + . .        i - +0 ring mail
rPois   inf          f - +0 helmet
rElec   +            (no cloak)
rCorr   .            (no gloves)
SInv    .            (no boots)
Will    .....        (no amulet)
Stlth   +            c - +4 ring of protection
HPRegen 0.26/turn    b - ring of protection from cold
MPRegen 0.10/turn

%: no passive effects
@: no status effects
A: sickness immunity, AC +4, negative energy resistance 1, electricity
resistance, torment resistance 1, petrification resistance
a: no special abilities


You were on level 4 of the Dungeon.
You visited 1 branch of the dungeon, and saw 4 of its levels.

You collected 134 gold pieces.


Innate Abilities, Weirdness & Mutations

You are immune to sickness and miasma.
Your stone body is resilient. (AC +4)
You are immune to poison.
You resist negative energy. (rN+)
You are resistant to electric shocks. (rElec)
You are resistant to unholy torment.
You are immune to petrification.


   Skills:
 - Level 3.0 Fighting
 + Level 5.3 Ranged Weapons
 - Level 1.7 Armour
 - Level 1.5 Dodging
 - Level 1.0 Spellcasting
 - Level 2.6 Hexes


You had 6 spell levels left.
You knew the following spells:

 Your Spells              Type           Power      Damage    Failure   Level
a - Slow                  Hex            28%        N/A       21%         1

Your spell library contained the following spells:

 Spells                   Type           Power      Damage    Failure   Level
 Inner Flame              Hex/Fire       4%         N/A       71%         3
 Portal Projectile        Hex/Tloc       8%         N/A       71%         3
 Cause Fear               Hex            3%         N/A       90%         4

Inventory:

Hand Weapons
 Y - a +1 sling (weapon)
Armour
 f - a +0 helmet (worn)
 i - a +0 ring mail (worn)
Jewellery
 a - a ring of willpower
 b - a ring of protection from cold (right hand)
 c - a +4 ring of protection (left hand)
Scrolls
 d - a scroll of identify
 e - a scroll of fear {unknown}
Potions
 g - a potion of brilliance {unknown}
 h - a potion of berserk rage {unknown}

Dungeon Overview and Level Annotations

Branches:
Dungeon (4/15)
 Temple: D:4-7

Altars:


Message History

The adder hisses angrily.
The hobgoblin shouts!
An ogre comes into view. It is wielding a +0 giant spiked club.
You shoot a sling bullet.
The sling bullet closely misses the hobgoblin.
The ogre shouts!
The sling bullet hits the adder.
The adder is lightly wounded.
You shoot a sling bullet.
The sling bullet closely misses the hobgoblin.
You shoot a sling bullet. The sling bullet hits the hobgoblin.
The hobgoblin is almost dead.
The hobgoblin barely misses you.
You shoot a sling bullet.
The sling bullet hits the hobgoblin but does no damage.
The hobgoblin is almost dead.
The hobgoblin hits you but does no damage.
The adder bites you but does no damage.
You shoot a sling bullet.
The sling bullet closely misses the hobgoblin.
The adder bites you.
The hobgoblin hits you but does no damage.
You shoot a sling bullet.
The sling bullet closely misses the hobgoblin.
The adder bites you. The hobgoblin closely misses you.
The adder bites you but does no damage.
You shoot a sling bullet. The sling bullet hits the adder.
The adder is lightly wounded.
The adder bites you but does no damage. The adder bites you.
You shoot a sling bullet. The sling bullet hits the adder.
The adder is moderately wounded.
The adder barely misses you. The ogre misses you.
You shoot a sling bullet. The sling bullet hits the adder!
You kill the adder!
The ogre hits you with a +0 giant spiked club!!
Ouch! That really hurt!
You shoot a sling bullet. The sling bullet hits the hobgoblin.
You kill the hobgoblin!
The ogre hits you with a +0 giant spiked club!!
Ouch! That really hurt!
You die...

#.# ##### #.# #.#<# #.
######.# #.#.# #. .
...#...# #.#.####.. ..
...#.#.###......#.# ...
.....#.....#.#.##.#
...#
...#.#.........#..#...#
...#.#.#####.#.#.O..#
...#.#.#
###.#.#@####...
...#.#.###.....#......#
...#.......#.#.....####
...#.#####..?..#####
.......##....###
...###.......# ##.
#####...# # #...# #...#


You could see an ogre.

Vanquished Creatures
  An orc priest (D:3)
  2 orc wizards (D:3)
  2 iguanas (D:4)
  A gnoll (D:1)
  3 adders
  A worm (D:3)
  2 dart slugs
  3 orcs (D:3)
  9 ball pythons
  14 bats
  5 endoplasms
  3 giant cockroaches
  8 goblins
  9 hobgoblins
  3 jackals (D:2)
  A frilled lizard (D:2)
  6 kobolds
  5 rats
78 creatures vanquished.

Notes
Turn   | Place    | Note
-------+----------+-------------------------------------------
     0 | D:1      | qw the Gargoyle Hexslinger began the quest for the Orb.
     0 | D:1      | Reached XP level 1. HP: 12/12 MP: 2/2
     0 | D:1      | 0 ||| qw: Version: 0.3-a-52-g30416fa
     0 | D:1      | 0 ||| qw: Game counter: 6982
     0 | D:1      | 0 ||| qw: Melee chars always use a shield: true
     0 | D:1      | 0 ||| qw: God list: Okawaru
     0 | D:1      | 0 ||| qw: Allow faded altars: false
     0 | D:1      | 0 ||| qw: Do Orc after clearing Dungeon:15 true
     0 | D:1      | 0 ||| qw: Do second Lair branch before Depths: true
     0 | D:1      | 0 ||| qw: Lair rune preference: random
     0 | D:1      | 0 ||| qw: Goals: Normal
     0 | D:1      | 0 ||| PLANNING D:1-11
    81 | D:1      | HP: 3/12 [kobold/+0 short sword (4)]
    86 | D:1      | Reached XP level 2. HP: 4/16 MP: 3/3
   209 | D:1      | Reached skill level 3 in Ranged Weapons
   297 | D:1      | Reached XP level 3. HP: 21/21 MP: 4/4
   772 | D:1      | 772 ||| UPGRADING to +0 leather armour.
   782 | D:1      | 782 ||| DROPPING +0 robe.
   783 | D:1      | 783 ||| UPGRADING to +0 ring mail.
   793 | D:1      | 793 ||| DROPPING +0 leather armour.
   794 | D:1      | 794 ||| UPGRADING to ring of willpower.
   795 | D:1      | 795 ||| DRINKING 2 murky golden potions.
   796 | D:1      | 796 ||| DROPPING scroll of poison.
  1327 | D:2      | Reached XP level 4. HP: 26/26 MP: 5/5
  1342 | D:2      | 1342 ||| UPGRADING to +0 helmet.
  1347 | D:2      | 1347 ||| UPGRADING to ring of protection from cold.
  1348 | D:2      | 1348 ||| READING scroll labelled FAAMANT WIFILO.
  1365 | D:2      | 1365 ||| READING scroll labelled ASCHAO WIBLAINE.
  1366 | D:2      | 1366 ||| READING scroll labelled RUMUNU PEZUIF.
  1367 | D:2      | 1367 ||| READING scroll labelled UPYW ADANOM.
  1368 | D:2      | 1368 ||| READING scroll labelled LUSAOCH MAJA.
  1520 | D:3      | 1520 ||| FLEEEEING.
  1521 | D:3      | 1521 ||| FLEEEEING.
  1522 | D:3      | 1522 ||| FLEEEEING.
  1553 | D:3      | Reached skill level 1 in Armour
  1663 | D:3      | Reached skill level 4 in Ranged Weapons
  1663 | D:3      | Reached XP level 5. HP: 10/30 MP: 6/6
  1694 | D:3      | 1694 ||| FLEEEEING.
  2258 | D:3      | Reached skill level 5 in Ranged Weapons
  2858 | D:3      | 2858 ||| UPGRADING to +4 ring of protection.
  2860 | D:3      | 2860 ||| READING 2 scrolls labelled MAENOFFAGH.
  2861 | D:3      | 2861 ||| READING scroll labelled ICVAM YSUOTI.
  2906 | D:4      | Reached skill level 3 in Fighting
  2912 | D:4      | HP: 1/32 [iguana (9)]
  2913 | D:4      | 2913 ||| DRINKING potion of heal wounds.
  2921 | D:4      | Reached XP level 6. HP: 23/37 MP: 7/7
  3008 | D:4      | HP: 7/37 [ogre/+0 giant spiked club (24)]
  3009 | D:4      | Mangled by an ogre

Levels and vault maps discovered:
D:1:      mrwooster_arrival_arrow, layout_loops_ring, kennysheep_small_spiral,
          minmay_unequal
D:2:      layout_basic, chequers_serial_rivers_small_3
D:3:      layout_loops_ring, chequers_big_river, nicolae_hexahallways,
          roderic_batcave
D:4:      minmay_evil_eye, layout_basic, ashenzari_altar_1, serial_shops,
          nicolae_shop_gaudy_bauble

Skill      XL: |  1  2  3  4  5 |
---------------+----------------+-----
Ranged Weapons | 3 4 5 |  5.3
Fighting       | 2 3 |  3.0
Armour         | 1 |  1.7
Dodging        | |  1.5
Spellcasting   | |  1.0
Hexes          | |  2.6

Action                     |  1- 3 |  4- 6 || total
---------------------------+-------+-------++-------
   Fire: Sling             |   125 |   226 ||   351
    Use: Potion            |     1 |     1 ||     2
         Scroll            |       |     7 ||     7
 Armour: Robe              |    13 |       ||    13
         Ring mail         |    28 |   128 ||   156
  Dodge: Dodged            |    56 |   102 ||   158

Table legend:
 A = Non-vault XP
 B = Vault XP
 C = Vault XP percentage of total XP
 D = Non-vault monster count
 E = Vault monster count
 F = Vault count percentage of total count
                 A         B        C        D         E       F
            +---------+---------+-------+---------+---------+-------
      Total |     334 |      33 |   9.0 |      64 |      14 |  17.9
            +---------+---------+-------+---------+---------+-------
        D:1 |      52 |       5 |   8.8 |      21 |       4 |  16.0
        D:2 |      26 |       0 |   0.0 |      14 |       0 |   0.0
        D:3 |     178 |      12 |   6.3 |      25 |       8 |  24.2
        D:4 |      78 |      16 |  17.0 |       4 |       2 |  33.3
            +---------+---------+-------+---------+---------+-------
